 Dungeon Crawl Stone Soup version 0.20.0-8-g6b59dc7 (webtiles) character file.

143 anfisbena the Firebug (level 5, -1/28 HPs)
             Began as a Gargoyle Fire Elementalist on May 31, 2017.
             Killed from afar by an orc wizard (9 damage)
             ... with a puff of flame
             ... on level 3 of the Dungeon.
             The game lasted 00:03:23 (2268 turns).

anfisbena the Firebug (Gargoyle Fire Elementalist)  Turns: 2268, Time: 00:03:23

Health: -1/28      AC:  8    Str: 11    XL:     5   Next: 25%
Magic:  4/8        EV: 12    Int: 17    God:
Gold:   109        SH:  0    Dex: 10    Spells: 7/8 levels left

rFire    . . .     SeeInvis .   f - +0 rapier
rCold    . . .     Gourm    .   (no shield)
rNeg     + . .     Faith    .   a - +0 robe
rPois    ∞         Spirit   .   i - +0 helmet
rElec    +         Reflect  .   (no cloak)
rCorr    .         Harm     .   (no gloves)
MR       .....                  n - +0 pair of boots (curse)
Stlth    ++........             (no amulet)
Regen    0.1/turn               (no ring)
MPRegen  0.2/turn               (no ring)

@: flying
A: negative energy resistance 1, electricity resistance, unbreathing,
petrification resistance, rot immunity, AC +4
a: no special abilities


You were on level 3 of the Dungeon.
You were not hungry.

You visited 1 branch of the dungeon, and saw 3 of its levels.

You collected 109 gold pieces.

Inventory:

Hand Weapons
 f - a +0 rapier (weapon)
Armour
 a - a +0 robe (worn)
 i - a +0 helmet (worn)
 n - a cursed +0 pair of boots (worn)
Scrolls
 d - 2 scrolls of teleportation {unknown}
 e - 2 scrolls of enchant weapon {unknown}
 h - 2 scrolls of identify {unknown}
Potions
 j - 2 potions of curing {unknown}
 l - a potion of magic
 m - a potion of flight
Books
 b - a book of Flames

   Spells                             Type                      Level
   a - Flame Tongue                   Conjuration/Fire             1
   b - Throw Flame                    Conjuration/Fire             2
   c - Conjure Flame                  Conjuration/Fire             3
   d - Inner Flame                    Hexes/Fire                   3
   e - Sticky Flame                   Conjuration/Fire             4
   f - Fireball                       Conjuration/Fire             5
Comestibles
 c - 4 bread rations
 g - a royal jelly
 k - a meat ration


   Skills:
 - Level 1.5 Dodging
 - Level 2.1 Stealth
 - Level 2.0 Spellcasting
 + Level 3.7 Conjurations
 + Level 4.6 Fire Magic


You had 7 spell levels left.
You knew the following spells:

 Your Spells              Type           Power        Failure   Level  Hunger
a - Flame Tongue          Conj/Fire      ###..        3%          1    #......


Dungeon Overview and Level Annotations

Branches:
Dungeon (3/15)

Altars:


Innate Abilities, Weirdness & Mutations

You are resistant to torment.
Your stone body is resilient. (AC +4)
You are immune to poison.
You resist negative energy. (rN+)
You are resistant to electric shocks. (rElec)
You can survive without breathing.
You are immune to petrification.
You are immune to rotting.


Message History

The orc wizard casts a spell at you. The puff of flame misses you.
Casting: Flame Tongue
Confirm with . or Enter, or press ? or * to list all spells.
Aiming: Flame Tongue
Press: ? - help, Shift-Dir - straight line, f/p - orc wizard
Aim: an orc wizard, wielding a dagger and wearing a robe (severely wounded, fast)
The flame tongue hits the orc wizard.
The orc wizard is almost dead.
The orc wizard hits you with a dagger.
* * * LOW HITPOINT WARNING * * *
Casting: Flame Tongue
Confirm with . or Enter, or press ? or * to list all spells.
Aiming: Flame Tongue
Press: ? - help, Shift-Dir - straight line, f/p - orc wizard
Aim: an orc wizard, wielding a dagger and wearing a robe (almost dead, fast)
The flame tongue misses the orc wizard.
The orc wizard casts a spell at you. The puff of flame hits you!
You die...

### ##.########.#######
#..................
#..###......####### ###
#.......###.#
..#.#..#...####.########
................@o.).†.#
..#.#..#..#.#....#####.#
#...........+....+ ..
#...#.....#.#....# .#
#...#....##.#....##+ #
.........+..........
#...#....##.###+#...
#...#....##.#####..
#...#....##........


You could see an orc wizard.

Vanquished Creatures
  An orc wizard (D:3)
  Jessica (D:3)
  2 adders
  A worm (D:3)
  A dart slug (D:2)
  A leopard gecko (D:1)
  2 orcs (D:3)
  3 giant cockroaches
  8 goblins
  5 hobgoblins
  11 jackals
  4 kobolds (D:2)
  2 quokkas (D:2)
  11 bats
  6 frilled lizards
  A rat (D:2)
60 creatures vanquished.

Notes
Turn   | Place    | Note
-------+----------+-------------------------------------------
     0 | D:1      | anfisbena the Gargoyle Fire Elementalist began the quest for the Orb.
     0 | D:1      | Reached XP level 1. HP: 10/10 MP: 3/3
   157 | D:1      | Reached XP level 2. HP: 15/15 MP: 3/5
   891 | D:1      | Reached XP level 3. HP: 19/19 MP: 4/6
  1608 | D:2      | Reached skill level 4 in Fire Magic
  1608 | D:2      | Reached XP level 4. HP: 24/24 MP: 4/7
  2088 | D:3      | Noticed Jessica
  2099 | D:3      | Killed Jessica
  2239 | D:3      | Reached XP level 5. HP: 26/28 MP: 1/8
  2268 | D:3      | Killed from afar by an orc wizard

Skill      XL: |  1  2  3  4 |
---------------+-------------+-----
Conjurations   | 2 3 |  3.7
Fire Magic     | 4 |  4.6
Dodging        | |  1.5
Stealth        | |  2.1
Spellcasting   | |  2.0

Action                   |  1- 3 |  4- 6 || total
-------------------------+-------+-------++-------
Melee: Unarmed           |    30 |     9 ||    39
       Rapier            |       |    14 ||    14
       Short sword       |       |     1 ||     1
 Cast: Flame Tongue      |    68 |    42 ||   110
  Use: Potion            |       |     2 ||     2
 Stab: Sleeping          |     1 |       ||     1
  Eat: Chunk             |     3 |     3 ||     6
Armor: Robe              |    37 |    15 ||    52
Dodge: Dodged            |    45 |    36 ||    81
